 Dungeon Crawl Stone Soup version 0.18.1-50-g88ac8fd (webtiles) character file.

23028 Chiseanne the Thaumaturge (level 12, 0/88 (89) HPs)
             Began as a Centaur Air Elementalist on Oct 7, 2016.
             Was an Initiate of Gozag.
             Slain by a wraith (3 damage)
             ... led by Josephine
             ... on level 9 of the Dungeon.
             The game lasted 01:22:40 (23186 turns).

Chiseanne the Thaumaturge (CeAE)                   Turns: 23186, Time: 01:22:41

HP:   0/88 (89)     AC: 16    Str: 17    XL:     12   Next: 68%
MP:   11/30         EV: 10    Int: 25    God:    Gozag
Gold: 498           SH:  8    Dex: 19    Spells: 4 memorised, 29 levels left

rFire  . . .     SeeInvis +     a - +2 hand axe (venom)
rCold  + . .     Gourm    .     y - +4 robe of Augmentation {Str+4 Int+4 Dex+4}
rNeg   . . .     Faith    .     S - +2 buckler
rPois  +         Spirit   .     t - +2 helmet {Int+3}
rElec  +         Dismiss  .     Y - +2 cloak {rPois}
rCorr  .         Reflect  .     Q - +1 pair of gloves of the Desert {rC+}
SustAt +         Harm     .     (no barding)
MR     .....                    (no amulet)
Stlth  +.........               l - ring of sustain attributes
                                N - ring "Bahi Rips" {rElec rPois Str+2 Dex+4 SInv}

@: slowed, not resistant to hostile enchantments, very unstealthy
A: hooves 3, deformed body, speed 2, tough skin 3
a: Potion Petition, Call Merchant, Bribe Branch, Renounce Religion


You were on level 9 of the Dungeon.
You worshipped Gozag.
Gozag was noncommittal.
You were not hungry.

You visited 3 branches of the dungeon, and saw 15 of its levels.
You also visited: Bailey.

You collected 5079 gold pieces.
You spent 2108 gold pieces at shops.
You paid 2473 gold pieces to Gozag.

Inventory:

Hand Weapons
 a - a +2 hand axe of venom (weapon)
 d - a +1 flail of protection
 s - a +4 scimitar of flaming
Missiles
 j - 5 throwing nets (quivered)
 o - 181 bolts
 v - 7 javelins
 B - 12 needles of confusion
 J - 5 javelins of returning
 K - 58 sling bullets
Armour
 t - a +2 helmet of intelligence (worn)
 y - the +4 robe of Augmentation (worn) {Str+4 Int+4 Dex+4}
   (You bought it in a shop on level 9 of the Dungeon)

   It affects your strength (+4).
   It affects your intelligence (+4).
   It affects your dexterity (+4).
 Q - the +1 pair of gloves of the Desert (worn) {rC+}
   (You bought it in a shop on level 9 of the Dungeon)

   It protects you from cold.
 S - a +2 buckler (worn)
 Y - a +2 cloak of poison resistance (worn)
Jewellery
 l - a ring of sustain attributes (right hand)
 N - the ring "Bahi Rips" (left hand) {rElec rPois Str+2 Dex+4 SInv}
   (You bought it in a shop on level 12 of the Dungeon)

   [ring of see invisible]

   It affects your strength (+2).
   It affects your dexterity (+4).
   It insulates you from electricity.
   It protects you from poison.
   It lets you see invisible.
 X - an uncursed ring of flight
Wands
 n - a wand of heal wounds (5/9)
 D - a wand of lightning (0/15)
 I - a wand of paralysis (7/24)
 L - a wand of disintegration (23/24)
Scrolls
 h - a scroll of identify
 i - a scroll of blinking
 m - 7 scrolls of remove curse
 q - 3 scrolls of magic mapping
 u - 4 scrolls of teleportation
 G - a scroll of recharging
 V - 2 scrolls of fear
Potions
 f - a potion of resistance
 k - a potion of might
 p - a potion of curing
 r - a potion of lignification
 x - a potion of agility
 z - 4 potions of brilliance
 A - 2 potions of cure mutation
 F - 2 potions of cancellation
 M - a potion of berserk rage
 R - 2 potions of heal wounds
Books
 b - a book of Air

   Spells                             Type                      Level
   a - Shock                          Conjuration/Air              1
   b - Swiftness                      Charms/Air                   2
   c - Repel Missiles                 Charms/Air                   2
   d - Static Discharge               Conjuration/Air              3
   e - Lightning Bolt                 Conjuration/Air              5
 C - a Young Poisoner's Handbook

   Spells                             Type                      Level
   a - Sting                          Conjuration/Poison           1
   b - Cure Poison                    Poison                       2
   c - Mephitic Cloud                 Conjuration/Poison/Air       3
   d - Olgreb's Toxic Radiance        Poison                       4
   e - Venom Bolt                     Conjuration/Poison           5
 E - a book of Maledictions

   Spells                             Type                      Level
   a - Corona                         Hexes                        1
   b - Ensorcelled Hibernation        Hexes/Ice                    2
   c - Confuse                        Hexes                        3
   d - Tukima's Dance                 Hexes                        3
   e - Dazzling Spray                 Conjuration/Hexes            3
 H - a book of Clouds

   Spells                             Type                      Level
   a - Mephitic Cloud                 Conjuration/Poison/Air       3
   b - Conjure Flame                  Conjuration/Fire             3
   c - Poisonous Cloud                Conjuration/Poison/Air       6
   d - Freezing Cloud                 Conjuration/Ice/Air          6
   e - Ring of Flames                 Charms/Fire                  7
Miscellaneous
 e - a sack of spiders
Comestibles
 c - 7 bread rations
 g - 10 meat rations
 w - 2 beef jerkies


   Skills:
 - Level 3.2 Fighting
 - Level 0.3 Axes
 - Level 2.5 Armour
 - Level 1.3 Dodging
 - Level 1.2 Stealth
 - Level 4.1 Shields
 + Level 14.1 Spellcasting
 - Level 4.3 Conjurations
 - Level 5.3 Air Magic


You had 29 spell levels left.
You knew the following spells:

 Your Spells              Type           Power        Failure   Level  Hunger
a - Shock                 Conj/Air       ####         1%          1    None
b - Dazzling Spray        Conj/Hex       ####..       4%          3    None
c - Mephitic Cloud        Conj/Pois/Air  ####....     2%          3    None
d - Static Discharge      Conj/Air       #####...     1%          3    None


Dungeon Overview and Level Annotations

Branches:
Dungeon (13/15)            Temple (1/1) D:5            Lair (0/8) D:11
    Orc (1/2) D:9
 Vaults: D:13-14

Altars:
Ashenzari
Cheibriados
Dithmenos
Elyvilon
Fedhas
Gozag
Kikubaaqudgha
Makhleb
Nemelex Xobeh
Okawaru
Pakellas
Qazlal
Ru
Sif Muna
Trog
Vehumet
Xom
Yredelemnul
Zin
The Shining One

Shops:
D:9 [   D:10 *   D:11 [   D:12 =

Annotations:
D:3 1 runed door
D:5 Golzeb's ghost, novice GrBe
D:8 4 runed doors
D:9 Josephine


Innate Abilities, Weirdness & Mutations

You have hooves in place of feet.
Armour fits poorly on your strangely shaped body.
You cover ground very quickly.
You have extremely tough skin (AC +3).


Message History

The ghostly fireball engulfs the wraith.
The wraith is bolstered by the flame.
The wraith hits you but does no damage. You block the wraith's attack.
You hear a bark!
Casting: Static Discharge
Confirm with . or Enter, or press ? or * to list all spells.
The wraith is struck by lightning.
The wraith is lightly damaged.
The lightning grounds out.
The wraith hits you but does no damage. Josephine casts a spell at you.
The ghostly flame explodes!
The ghostly fireball engulfs you!
* * * LOW HITPOINT WARNING * * *
The ghostly fireball engulfs Josephine.
Josephine partially resists.
The ghostly fireball engulfs the wraith. x2
The wraith is bolstered by the flame.
The ghostly fireball engulfs the wraith.
The wraith is bolstered by the flame.
The wraith barely misses you. The wraith hits you.
You die...
Your body crumbles into a pile of gold.

#...# ####))..# #.......
#######'#####...))..### #.......
#.........##..##).....## #.......
#.......).'..###...<#..###.......
#.........#### #..>.##...'.......
#.........# #....######.......
#.........# #....# #.......
'.........# #@W..# #.......
#.........# #@#.## #######'
#######'### ##WW.# #. #...#
#...## #. ###.#### ###'#####
##### ###......# #.......###
#.... ........>####.......'.###
#....
###.........#.......#..)#####....
# #......##.#.[.....###.....'....
# #......##.'..<....# #######....


You could see Josephine and 3 wraiths.

Vanquished Creatures
  Maud (D:10)
  Erica (D:8)
  The ghost of Philosophy the Basher, a novice MiBe of Trog (D:8)
  An unseen horror (D:9)
  Maurice (D:8)
  3 hill giants
  Pikel (D:8)
  2 manticores (D:11)
  4 ugly things
  A centaur zombie (D:11)
  Joseph (D:10)
  A komodo dragon (D:11)
  4 trolls
  2 two-headed ogres
  2 slime creatures (D:13)
  11 yaks
  2 wyverns
  A shadow (D:12)
  A hippogriff (D:11)
  A basilisk (D:11)
  A hungry ghost (D:9)
  4 wargs (D:10)
  A water moccasin (D:11)
  6 ice beasts
  23 orc warriors
  2 necrophages
  8 phantoms
  3 sky beasts
  2 black bears
  9 ogres
  15 centaurs
  2 crocodiles (D:11)
  3 big kobolds
  9 giant frogs
  2 gnoll sergeants
  2 wyvern skeletons
  4 scorpions
  14 killer bees
  A water moccasin skeleton (D:6)
  4 howler monkeys
  An electric eel (D:10)
  3 crimson imps
  2 giant frog zombies
  2 quasits (D:10)
  A human zombie (D:3)
  3 jellies
  6 giant frog skeletons
  10 hounds
  5 orc priests
  A centaur skeleton (D:8)
  2 gnoll shamans
  5 iguanas
  Terence (D:2)
  6 orc wizards
  6 worker ants
  2 hound zombies
  A hound skeleton (D:10)
  A worker ant zombie (D:6)
  20 gnolls
  A howler monkey skeleton (D:9)
  13 adders
  3 shadow imps
  2 oozes
  2 adder skeletons
  2 adder zombies
  2 worms (D:3)
  3 dart slugs (D:1)
  13 giant geckos
  65 orcs
  15 goblins
  10 hobgoblins
  12 jackals
  4 quokkas
  2 ball pythons
  9 bats
  6 giant newts
  A goblin skeleton (D:3)
  24 kobolds
  A quokka skeleton (D:5)
  9 rats
434 creatures vanquished.

Vanquished Creatures (others)
  2 slaves (D:8)
  A hound (D:8)
  12 plants (D:11)
15 creatures vanquished.

Grand Total: 449 creatures vanquished

Notes
Turn   | Place    | Note
--------------------------------------------------------------
     0 | D:1      | Chiseanne the Centaur Air Elementalist began the quest for the Orb.
     0 | D:1      | Reached XP level 1. HP: 14/14 MP: 3/3
   174 | D:1      | Reached skill level 1 in Conjurations
   577 | D:1      | Reached XP level 2. HP: 20/20 MP: 0/4
  1126 | D:1      | Reached skill level 2 in Spellcasting
  1211 | D:1      | Reached XP level 3. HP: 23/26 MP: 6/6
  2373 | D:2      | Found a stormy altar of Qazlal.
  2373 | D:2      | Found a burning altar of Makhleb.
  2518 | D:1      | Reached XP level 4. HP: 5/33 MP: 0/7
  3430 | D:2      | Noticed Terence
  3453 | D:2      | Killed Terence
  3876 | D:2      | Reached XP level 5. HP: 37/38 MP: 8/8
  4096 | D:2      | Found a glowing silver altar of Zin.
  4584 | D:3      | Reached skill level 3 in Spellcasting
  4614 | D:3      | Reached XP level 6. HP: 45/45 MP: 5/10
  4881 | D:3      | Found a runed door.
  4881 | D:3      | Noticed a human
  4883 | D:3      | Found a basalt altar of Yredelemnul.
  5443 | D:3      | Found a glowing golden altar of the Shining One.
  5892 | D:4      | Found an iron altar of Okawaru.
  6058 | D:3      | Reached XP level 7. HP: 45/50 MP: 0/12
  6178 | D:4      | Reached skill level 5 in Air Magic
  6850 | D:4      | Reached skill level 4 in Spellcasting
  6947 | D:4      | Learned a level 3 spell: Static Discharge
  7190 | D:5      | Entered Level 5 of the Dungeon
  7708 | D:5      | Reached XP level 8. HP: 30/57 MP: 9/15
  7765 | D:5      | Reached skill level 5 in Spellcasting
  8357 | D:5      | Reached skill level 6 in Spellcasting
  8661 | D:5      | Found a staircase to the Ecumenical Temple.
  8723 | Temple   | Entered the Ecumenical Temple
  8846 | D:5      | Noticed Golzeb's ghost (novice GrBe)
  9202 | D:6      | Reached skill level 7 in Spellcasting
  9373 | D:6      | Found a shadowy altar of Dithmenos.
  9482 | D:6      | Reached XP level 9. HP: 50/62 MP: 10/20
  9623 | D:6      | Learned a level 3 spell: Mephitic Cloud
  9627 | D:6      | Learned a level 3 spell: Dazzling Spray
 10103 | D:6      | Reached skill level 8 in Spellcasting
 11119 | D:7      | Found a flagged portal.
 11131 | Bailey   | Entered a bailey
 11478 | Bailey   | Reached skill level 9 in Spellcasting
 12146 | Bailey   | Reached XP level 10. HP: 69/69 MP: 18/23
 12156 | Bailey   | Reached skill level 10 in Spellcasting
 12547 | D:7      | Identified a scroll of acquirement
 13196 | D:7      | Got a heavily runed chain mail
 13230 | D:7      | Reached skill level 1 in Shields
 13668 | D:8      | Found an ancient bone altar of Kikubaaqudgha.
 13830 | D:8      | Found a huge runed gate.
 13830 | D:8      | Found a huge runed gate.
 13830 | D:8      | Found a huge runed gate.
 13830 | D:8      | Found a huge runed gate.
 13830 | D:8      | Noticed a griffon
 13830 | D:8      | Noticed a griffon
 13838 | D:8      | Noticed a death yak
 13966 | D:8      | Found a bloodstained altar of Trog.
 13995 | D:8      | Noticed Philosophy's ghost (novice MiBe)
 14225 | D:8      | Noticed Pikel
 14231 | D:8      | Noticed Maurice
 14243 | D:8      | Killed Pikel
 14279 | D:8      | Killed Maurice
 14425 | D:8      | Identified the +9 chain mail "Quadghich" {+Fly Regen+} (You found it on level 7 of the Dungeon)
 14744 | D:8      | Noticed Erica
 14763 | D:8      | Killed Erica
 14763 | D:8      | Reached skill level 1 in Armour
 14908 | D:8      | Found a blossoming altar of Fedhas.
 14977 | D:8      | Killed Philosophy's ghost
 14977 | D:8      | Reached XP level 11. HP: 80/80 MP: 25/25
 15193 | D:9      | Found a staircase to the Orcish Mines.
 15222 | D:9      | Noticed an unseen horror
 15242 | D:9      | Killed an unseen horror
 15328 | D:9      | Found an opulent altar of Gozag.
 15334 | D:9      | Became a worshipper of Gozag Ym Sagoz the Greedy
 15337 | D:9      | Bought the +4 robe of Augmentation {Str+4 Int+4 Dex+4} for 740 gold pieces
 15494 | D:9      | Reached skill level 11 in Spellcasting
 15845 | D:9      | Bought a +2 helmet of intelligence for 301 gold pieces
 16356 | D:10     | Entered Level 10 of the Dungeon
 16467 | D:10     | Noticed Joseph
 16490 | D:10     | Killed Joseph
 16796 | D:10     | Got an encrusted leather armour
 17247 | D:9      | Bought the +1 pair of gloves of the Desert {rC+} for 329 gold pieces
 17272 | D:9      | Identified the +0 leather armour "Ikalur" {rElec rCorr Dex-4} (You took it off an orc on level 10 of the Dungeon)
 17352 | D:10     | Found Uzucehy's General Store.
 17359 | D:10     | Bought a potion of degeneration for 13 gold pieces
 17375 | D:10     | Noticed a white ugly thing
 17381 | D:10     | Noticed Maud
 17387 | D:10     | Killed a white ugly thing
 17402 | D:10     | Killed Maud
 17402 | D:10     | Reached skill level 12 in Spellcasting
 18006 | D:10     | Noticed a hill giant
 18015 | D:10     | Killed a hill giant
 18493 | D:10     | Bought a scroll of identify for 26 gold pieces
 18493 | D:10     | Bought a potion of curing for 39 gold pieces
 18493 | D:10     | Bought a beef jerky for 19 gold pieces
 18493 | D:10     | Bought a potion of brilliance for 52 gold pieces
 19058 | D:11     | Reached XP level 12. HP: 70/88 MP: 0/28
 19281 | D:11     | Bought a wizard robe for 131 gold pieces
 19282 | D:11     | Identified the +1 robe of Mymir {Stlth+} (You bought it in a shop on level 11 of the Dungeon)
 19608 | D:11     | Reached skill level 13 in Spellcasting
 19720 | D:11     | Found a staircase to the Lair.
 20854 | D:12     | Bought the ring "Bahi Rips" {rElec rPois Str+2 Dex+4 SInv} for 458 gold pieces
 22158 | D:13     | Reached skill level 14 in Spellcasting
 23106 | D:13     | Noticed a centaur warrior
 23176 | Orc:1    | Entered Level 1 of the Orcish Mines
 23176 | Orc:1    | Noticed Josephine
 23186 | D:9      | HP: 3/88 [Josephine/ghostly fireball (25)]
 23186 | D:9      | Slain by a wraith

Skill      XL: |  1  2  3  4  5  6  7  8  9 10 11 12 |
---------------+-------------------------------------+-----
Conjurations   | 1 2 3 4 |  4.3
Air Magic      | 3 4 5 |  5.3
Spellcasting   | 2 3 4 7 9 10 12 14 | 14.1
Shields        | 3 4 |  4.1
Fighting       | 2 3 |  3.2
Armour         | 1 2 |  2.5
Axes           | |  0.3
Dodging        | |  1.3
Stealth        | |  1.2

Action                   |  1- 3 |  4- 6 |  7- 9 | 10-12 || total
-------------------------+-------+-------+-------+-------++-------
Melee: Whip              |    41 |       |       |       ||    41
       Kick              |     6 |    12 |    31 |   137 ||   186
       Hand axe          |    13 |     2 |    67 |   425 ||   507
       Flail             |       |    97 |    30 |    10 ||   137
       Morningstar       |       |       |    35 |    26 ||    61
       Spear             |       |       |    12 |       ||    12
       Scimitar          |       |       |       |    24 ||    24
Throw: Stone             |       |     2 |     2 |       ||     4
       Javelin           |       |       |     7 |       ||     7
       Tomahawk          |       |       |     1 |       ||     1
 Cast: Shock             |    89 |   168 |   300 |   323 ||   880
       Static Discharge  |       |       |     5 |   146 ||   151
       Mephitic Cloud    |       |       |    26 |    41 ||    67
       Dazzling Spray    |       |       |       |    13 ||    13
Invok: Call Merchant     |       |       |       |     3 ||     3
Evoke: Wand              |       |       |       |    10 ||    10
  Use: Scroll            |     3 |     4 |     8 |    16 ||    31
       Potion            |     2 |     1 |     1 |     8 ||    12
 Stab: Invisible         |       |       |     2 |     2 ||     4
       Confused          |       |       |     4 |    12 ||    16
       Distracted        |       |       |       |     2 ||     2
       Sleeping          |       |       |       |     1 ||     1
  Eat: Chunk             |     6 |    11 |    17 |    10 ||    44
       Fruit             |       |       |       |    15 ||    15
       Beef jerky        |       |       |       |     5 ||     5
       Royal jelly       |       |       |       |     2 ||     2
Armor: Robe              |    30 |   106 |   149 |   238 ||   523
       Chain mail        |       |       |       |   119 ||   119
Dodge: Dodged            |    39 |    79 |   128 |   247 ||   493
Block: Buckler           |       |       |       |   211 ||   211
